 Dungeon Crawl Stone Soup version 0.22-a0-305-gd21a89c (webtiles) character file.

7223 xccam the Cleaver (level 11, 0/75 HPs)
             Began as a Formicid Fighter on Mar 30, 2018.
             Was a Follower of Cheibriados.
             Slain by a four-headed hydra (5 damage)
             ... on level 8 of the Dungeon.
             The game lasted 00:15:33 (6259 turns).

xccam the Cleaver (Formicid Fighter)                Turns: 6259, Time: 00:15:33

Health: 0/75       AC: 17    Str: 24 (27) XL:     11   Next: 33%
Magic:  8/12       EV: 11    Int: 13 (15) God:    Cheibriados [*.....]
Gold:   476        SH: 11    Dex: 10 (12) Spells: 10/10 levels left

rFire    . . .     SeeInvis +   a - +1 war axe
rCold    . . .     Gourm    .   c - +0 shield
rNeg     . . .     Faith    .   e - +4 chain mail
rPois    .         Spirit   .   (helmet unavailable)
rElec    .         Reflect  .   (no cloak)
rCorr    .         Harm     .   (no gloves)
MR       +....                  (no boots)
Stlth    ..........             (no amulet)
HPRegen  0.22/turn              (no ring)
MPRegen  0.13/turn              y - ring of wizardry

@: brilliant, very slightly contaminated, invisible, very slow
A: permanent stasis, dig shafts and tunnels, four strong arms, antennae 3, icy
blue scales 1, clumsy 1, high mp 1
a: Dig, Shaft Self, Bend Time, Renounce Religion


You were on level 8 of the Dungeon.
You worshipped Cheibriados.
Cheibriados was aware of your devotion.
You were not hungry.

You visited 2 branches of the dungeon, and saw 10 of its levels.

You collected 476 gold pieces.

Inventory:

Hand Weapons
 a - a +1 war axe (weapon)
Armour
 c - a +0 shield (worn)
 e - a +4 chain mail (worn)
 u - a cursed +0 plate armour
Jewellery
 y - a ring of wizardry (right hand)
 A - an uncursed ring of wizardry
Wands
 v - a wand of polymorph (18)
 B - a wand of iceblast (9)
 E - a wand of disintegration (18)
Scrolls
 i - 3 scrolls of remove curse
 l - a scroll of amnesia
 n - 2 scrolls of enchant weapon
 p - 3 scrolls of immolation
 s - a scroll of fog
 t - 3 scrolls of identify
Potions
 h - a potion of haste
 m - 3 potions of magic
 x - a potion of resistance {unknown}
Comestibles
 f - 17 rations
 D - a chunk of flesh


   Skills:
 - Level 3.2 Fighting
 + Level 11.3 Axes
 + Level 9.5 Armour
 + Level 7.4 Dodging
 - Level 9.0 Shields


You had 10 spell levels left.
You didn't know any spells.

Dungeon Overview and Level Annotations

Branches:
Dungeon (9/15)             Temple (1/1) D:7
   Lair: D:8-11         Orc: D:9-12

Altars:
Ashenzari
Cheibriados
Dithmenos
Elyvilon
Fedhas
Gozag
Hepliaklqana
Kikubaaqudgha
Makhleb
Okawaru
Qazlal
Ru
Sif Muna
Trog
Uskayaw
Vehumet
Wu Jian
Xom
Yredelemnul
Zin
The Shining One

Annotations:
D:5 2 transporters


Innate Abilities, Weirdness & Mutations

You cannot be hasted, slowed, berserked, paralysed or teleported.
You can dig through walls and to a lower floor.
Your four strong arms can wield two-handed weapons with a shield.
You have a pair of large antennae on your head. (SInv)
You are partially covered in icy blue scales. (AC +2)
You are clumsy. (Dex -2)
You have an increased reservoir of magic. (+10% MP)


Message History

You block the four-headed hydra's attack.
The four-headed hydra bites you.
* * * LOW HITPOINT WARNING * * *
It was a potion of degeneration.
There was something very wrong with that liquid.
You feel weakened.
You feel dopey.
You feel clumsy.
You block the four-headed hydra's attack.
The four-headed hydra bites you but does no damage.
You block the four-headed hydra's attack.
The four-headed hydra bites you.
* * * LOW HITPOINT WARNING * * *
It was a potion of experience.
You feel more experienced!
Your Axes skill gained 2 levels and is now at level 11!
Your Armour skill gained 2 levels and is now at level 9!
Your Dodging skill gained 3 levels and is now at level 7!
You have reached level 11!
The four-headed hydra bites you but does no damage.
The four-headed hydra bites you.
You die...

*,********,****,,..##...... *,*
#.#####,..##.#####
*,******##..#⌠⌠#,...,,*####
**,**,,,,...##__#*#.#####...
*****,,**,****..#8..#*.....[....
*,,,,,,,,,,,,,..##''#*#.#####.#.
*,***,**,,****#.##..# #.# #.##
*,* *,**,,* #.##..###.#####.##
*,* *,**,,* #@###.#...........
*,* *,**,** #D# #.....#.###.##
*##############a###.....#.# #.#
#..#.....#.(.#K..#.....#.###.##
#..'....≈###K......#.....#.....
#..'..P..#)............###.####
#..'....≈).#......(....# #.#
#..#.....###.#...#####.###.#
#'##P≈P.≈##...##.####.#.##.###


You could see a four-headed hydra, a big kobold and a worker ant.

Vanquished Creatures
  Pikel (D:7)
  The ghost of aspa the Thaumaturge, a novice OpWz (D:5)
  2 dream sheep (D:8)
  Sigmund (D:2)
  2 yaks (D:8)
  Duvessa (D:7)
  2 slaves (D:7)
  A centaur (D:8)
  An ogre (D:4)
  2 big kobolds (D:8)
  2 bullfrogs
  Dowan (D:7)
  2 scorpions
  2 howler monkeys (D:4)
  A bullfrog zombie (D:8)
  4 crimson imps
  A jelly (D:8)
  3 hounds
  4 orc priests (D:4)
  2 bullfrog skeletons
  Natasha (thrice) (D:4)
  4 iguanas
  An orc wizard (D:7)
  7 worker ants
  A hound zombie (D:8)
  2 hound skeletons
  A worker ant zombie (D:6)
  6 gnolls (D:5)
  11 adders
  2 shadow imps
  2 oozes
  An adder zombie (D:7)
  A worm (D:2)
  A dart slug (D:2)
  3 leopard geckos
  23 orcs
  5 giant cockroaches
  3 goblins (D:2)
  4 hobgoblins
  6 jackals
  6 kobolds
  5 quokkas
  3 ball pythons
  4 bats
  2 frilled lizards
  9 rats
152 creatures vanquished.

Notes
Turn   | Place    | Note
-------+----------+-------------------------------------------
     0 | D:1      | xccam the Formicid Fighter began the quest for the Orb.
     0 | D:1      | Reached XP level 1. HP: 18/18 MP: 1/1
   186 | D:1      | Reached XP level 2. HP: 20/24 MP: 2/2
   774 | D:2      | Reached skill level 3 in Axes
   875 | D:2      | Reached XP level 3. HP: 22/29 MP: 3/3
   957 | D:2      | Noticed Sigmund
   968 | D:2      | Killed Sigmund
   968 | D:2      | Reached skill level 5 in Axes
   968 | D:2      | Reached XP level 4. HP: 18/35 MP: 4/4
   968 | D:2      | Reached XP level 5. HP: 21/41 MP: 5/5
  1142 | D:2      | Reached XP level 6. HP: 47/47 MP: 6/6
  1353 | D:2      | Reached skill level 6 in Axes
  1795 | D:3      | Found a radiant altar of Vehumet.
  2092 | D:4      | Noticed Natasha
  2100 | D:4      | Killed Natasha
  2415 | D:4      | Reached XP level 7. HP: 46/52 MP: 7/7
  2420 | D:4      | Reached skill level 7 in Axes
  2485 | D:4      | Noticed Natasha
  2496 | D:4      | Killed Natasha
  2737 | D:4      | Noticed Natasha
  2742 | D:4      | Killed Natasha
  2742 | D:4      | Reached skill level 8 in Axes
  3102 | D:4      | Found a basalt altar of Yredelemnul.
  3272 | D:5      | Entered Level 5 of the Dungeon
  3277 | D:5      | Reached XP level 8. HP: 53/58 MP: 8/8
  3285 | D:5      | Found a transporter.
  3294 | D:5      | Found a transporter.
  3405 | D:5      | Reached skill level 5 in Shields
  3832 | D:5      | Noticed aspa's ghost (novice OpWz)
  3839 | D:5      | Killed aspa's ghost
  4186 | D:6      | Reached XP level 9. HP: 63/64 MP: 9/9
  4203 | D:6      | Found an opulent altar of Gozag.
  4403 | D:6      | Reached skill level 1 in Dodging
  5114 | D:7      | Noticed Dowan
  5115 | D:7      | Noticed Duvessa
  5129 | D:7      | Killed Duvessa
  5137 | D:7      | Killed Dowan
  5183 | D:7      | Found a staircase to the Ecumenical Temple.
  5192 | Temple   | Entered the Ecumenical Temple
  5197 | Temple   | Became a worshipper of Cheibriados the Contemplative
  5293 | D:7      | Noticed Pikel
  5327 | D:7      | Killed Pikel
  5327 | D:7      | Reached skill level 9 in Axes
  5327 | D:7      | Reached skill level 5 in Armour
  5421 | D:7      | Found an ornate altar of the Wu Jian Council.
  5619 | D:8      | You fall through a shaft!
  5657 | D:8      | Reached * piety under Cheibriados
  5756 | D:8      | Found a deep blue altar of Sif Muna.
  5756 | D:8      | Found a glowing golden altar of the Shining One.
  5853 | D:8      | Found a burning altar of Makhleb.
  5871 | D:8      | Found a sacrificial altar of Ru.
  5874 | D:8      | Found a hazy altar of Hepliaklqana.
  5882 | D:8      | Reached XP level 10. HP: 51/70 MP: 10/10
  5885 | D:8      | Found an ancient bone altar of Kikubaaqudgha.
  6224 | D:8      | Noticed a three-headed hydra
  6257 | D:8      | Gained mutation: You are clumsy. (Dex -2) [potion of mutation]
  6257 | D:8      | Gained mutation: You have an increased reservoir of magic. (+10% MP) [potion of mutation]
  6257 | D:8      | Gained mutation: You are partially covered in icy blue scales. (AC +2) [potion of mutation]
  6259 | D:8      | Reached skill level 11 in Axes
  6259 | D:8      | Reached XP level 11. HP: 5/75 MP: 8/12
  6259 | D:8      | Slain by a four-headed hydra

Vault maps used:
D:1:      lightli_iron_boxes
D:2:      first_ration, uniq_sigmund
D:3:      nicolae_overflow_hidden_temple, fiery_altar_vehumet
D:4:      lemuel_doored_altar, uniq_natasha
D:5:      gammafunk_wand_slinger
D:6:      grunt_gozag_breadcrumbs
D:7:      kennysheep_mini_moat, minmay_temple_entry_mist, uniq_duvessa,
          uniq_pikel
D:8:      grunt_temple_overflow_cloverleaf, gammafunk_temple_overflow_wave,
          hangedman_ranch
D:9:      uniq_psyche, uniq_erica
Temple:   minmay_freezing_vapour_temple

Skill      XL: |  1  2  3  4  5  6  7  8  9 10 |
---------------+-------------------------------+-----
Axes           | 3 5 6 8 9 11 | 11.3
Shields        | 4 9 |  9.0
Dodging        | 3 7 |  7.4
Armour         | 5 9 |  9.5
Fighting       | |  3.2

Action                   |  1- 3 |  4- 6 |  7- 9 | 10-12 || total
-------------------------+-------+-------+-------+-------++-------
Melee: War axe           |    79 |    70 |   352 |    56 ||   557
Invok: Bend Time         |       |       |       |     2 ||     2
Evoke: Wand              |       |       |       |     2 ||     2
  Use: Potion            |     1 |       |     1 |     8 ||    10
       Scroll            |       |       |     9 |     5 ||    14
  Eat: Chunk             |       |     5 |    11 |     1 ||    17
Armor: Scale mail        |    30 |    22 |    67 |       ||   119
       Chain mail        |       |       |    47 |    35 ||    82
Dodge: Dodged            |    26 |    19 |    96 |    37 ||   178
Block: Shield            |    43 |    40 |   205 |    61 ||   349

Table legend:
 A = Spawn XP
 B = Non-spawn XP
 C = Spawn XP percentage of total XP
 D = Spawn monster count
 E = Non-spawn monster count
 F = Spawn count percentage of total count
 G = Total turns spent on level
                    A         B        C        D         E        F      G
               +---------+---------+-------+---------+---------+-------+---------
         Total |       0 |    5191 |   0.0 |       0 |     150 |   0.0 |  6259
               +---------+---------+-------+---------+---------+-------+---------
           D:1 |       0 |      17 |   0.0 |       0 |      10 |   0.0 |   754
           D:2 |       0 |     299 |   0.0 |       0 |      32 |   0.0 |   877
           D:3 |       0 |      25 |   0.0 |       0 |       5 |   0.0 |   397
           D:4 |       0 |     634 |   0.0 |       0 |      20 |   0.0 |  1244
           D:5 |       0 |     984 |   0.0 |       0 |      17 |   0.0 |   897
           D:6 |       0 |     298 |   0.0 |       0 |      17 |   0.0 |   829
           D:7 |       0 |    1174 |   0.0 |       0 |      27 |   0.0 |   584
           D:8 |       0 |    1690 |   0.0 |       0 |      21 |   0.0 |   633
           D:9 |       0 |      70 |   0.0 |       0 |       1 |   0.0 |    33
               +---------+---------+-------+---------+---------+-------+---------
